Cogmind - Beta 16.1 @@@ ROGUE MODE // 2026.04.23 @ 18:54:02 Player: beans Result: Destroyed by Y-45 Defender with Heavy Assault Rifle Performance ------------- Evolutions (1) 500 Regions Visited (2) 400 Robots Destroyed (17) 85 Value Destroyed (519) 519 Prototype IDs (1) 20 Alien Tech Used (0) 0 Bonus (0) 0 TOTAL SCORE: 1524 Bonus ------- None Cogmind --------- Core Integrity 0/400 Matter 295/300 Energy 97/100 System Corruption 9% Temperature Cool (72) Movement Treading (160) Location -9/Materials Parts ------- > --- POWER (1) -------- (None) > --- PROPULSION (2) --- Light Treads > --- UTILITY (4) ------ (None) > --- WEAPON (2) ------- Improved Medium Laser > --- INVENTORY (5) ---- Heat Sink Particle Cannon Peak State ------------ > --- POWER ------------ Light Ion Engine > --- PROPULSION ------- Wheel > --- UTILITY ---------- (None) > --- WEAPON ----------- Improved Medium Laser Improved Medium Laser > --- INVENTORY -------- Particle Cannon [Rating: 8] Favorites ----------- Power Light Ion Engine Engine Light Ion Engine Power Core Light Nuclear Core Propulsion Aluminum Leg Treads Light Treads Leg Aluminum Leg Wheel Wheel Utility Heat Sink Device Heat Sink Weapon Light Assault Rifle Energy Gun Improved Medium Laser Energy Cannon Particle Cannon Ballistic Gun Light Assault Rifle Launcher Mini Grenade Launcher Build | -11 -10 -9 ------- Run | Yrd Mat Mat Slots Evolved 2 | . . 2 Power . | . . . Propulsion . | . . . Utility 2 | . . 2 Weapon . | . . . Parts Attached 14 | 5 3 6 Power 2 | 1 1 . Engine 1 | 1 . . Core 1 | . 1 . Reactor . | . . . Propulsion 4 | 2 . 2 Treads 1 | . . 1 Leg 2 | 2 . . Wheel 1 | . . 1 Hover . | . . . Flight . | . . . Utility 1 | . 1 . Device 1 | . 1 . Storage . | . . . Processor . | . . . Hackware . | . . . Protection . | . . . Artifact . | . . . Weapon 7 | 2 1 4 Energy Gun 3 | . 1 2 Energy Cannon 1 | . . 1 Ballistic Gun 2 | 2 . . Ballistic Cannon . | . . . Launcher 1 | . . 1 Special Weapon . | . . . Impact Weapon . | . . . Slashing Weapon . | . . . Piercing Weapon . | . . . Special Melee Weapon . | . . . Unidentified Prototypes 1 | . . 1 Parts Lost 9 | . 4 5 Power 2 | . 1 1 Propulsion 1 | . . 1 Utility 1 | . . 1 Weapon 5 | . 3 2 Highest Loss Streak 4 | . 4 2 To Critical Strikes . | . . . Average Backups 1 | . 1 1 Power . | . . . Propulsion . | . . . Utility . | . . . Weapon . | . . . Tool/Special . | . . . Unused Backups . | . . . Power . | . . . Propulsion . | . . . Utility . | . . . Weapon . | . . . Tool/Special . | . . . Average Slot Usage (%) 33 | . 42 25 Engine 3 | . 3 3 Core 1 | . 3 . Leg 3 | . 7 . Wheel 2 | . . 3 Device 1 | . 1 1 Energy Gun 8 | . 2 13 Ballistic Gun 10 | . 22 . Peak Build Rating 8 | 5 6 8 Average Rating 4 | 3 3 5 On Entrance 2 | . 5 1 Avg Prop Armor Cover (%) . | . . . Naked Turns 5 | . . 5 Heaviest Build 9 | 5 9 9 Greatest Support 20 | 20 20 20 Greatest Overweight (x) 2 | . 2 2 Average Overweight (x) . | . . . Largest Inventory Capacity 5 | 5 5 5 Average Capacity 5 | 5 5 5 Most Carried 4 | 4 3 3 Average Carried 1 | . 1 1 Final Capacity 5 | 5 5 5 Final Carried 2 | . 1 2 Class Distribution -------------------- 100% | Mutant Dominant Class ---------------- Mutant | -10/Materials Mutant | -9/Materials Resources | -11 -10 -9 ----------- Run | Yrd Mat Mat Matter Collected 530 | 188 170 172 Remotely . | . . . Salvage Created 670 | . 275 395 Parts 30 | . 15 15 Haulers Intercepted 1 | . . 1 Recyclers Shooed 1 | . . 1 Parts Field Recycled . | . . . Retrieved Matter . | . . . Parts Self-Destructed . | . . . Prevented . | . . . Parts Restored . | . . . Kills | -11 -10 -9 ------- Run | Yrd Mat Mat Combat Hostiles Destroyed 12 | . 5 7 Guns 9 | . 5 4 AOE 3 | . . 3 Classes Destroyed 6 | . 3 3 Builder 2 | . 1 1 Tunneler 1 | . 1 . Hauler 1 | . . 1 Recycler 1 | . . 1 Grunt 9 | . 5 4 Sentry 3 | . . 3 Best Kill Streak 4 | . 4 3 Combat Bots Only 3 | . 2 3 Max Kills in Single Turn 1 | . 1 1 Gunslinging . | . . . Exploded 1 | . . 1 Melee . | . . . Uniques/NPCs Destroyed . | . . . Combat | -11 -10 -9 -------- Run | Yrd Mat Mat Hostile Shots Fired 114 | . 54 60 Missed 29 | . 13 16 Hits 85 | . 41 44 Projectile 85 | . 41 44 Damage Taken 1215 | . 483 732 Core 613 | . 204 409 Absorbed by Shields . | . . . Core Remaining (%) 59 | 100 18 . Volleys Fired 84 | . 46 38 Largest 2 | . 2 2 Hottest 112 | . 85 112 Shots Fired 140 | . 85 55 Gun 125 | . 85 40 Cannon 2 | . . 2 Launcher 13 | . . 13 Special . | . . . Kinetic 74 | . 74 . Thermal 53 | . 11 42 Explosive 13 | . . 13 Electromagnetic . | . . . Robot Hit Streak 9 | . 6 9 Robot Miss Streak 6 | . 6 2 Penetration Max . | . . . Secondary Targets 1 | . 1 . Max Gunslinging Chain 1 | . 1 . Shots Hit Robots 77 | . 47 30 Core Hits 40 | . 19 21 Critical Kills . | . . . Critical Parts Destroyed . | . . . Critical Strikes 4 | . 1 3 Burn 4 | . 1 3 Melee Attacks . | . . . Impact . | . . . Slashing . | . . . Piercing . | . . . Sneak Attacks . | . . . Combat Hostiles . | . . . Follow-up Attacks . | . . . Damage Inflicted 1473 | . 472 1001 Guns 900 | . 472 428 Cannons 42 | . . 42 Explosions 531 | . . 531 Melee . | . . . Ramming . | . . . Kinetic 335 | . 335 . Thermal 607 | . 137 470 Explosive 473 | . . 473 Electromagnetic 58 | . . 58 Impact . | . . . Slashing . | . . . Piercing . | . . . Highest Corruption 9 | . . 9 Average Corruption 8 | . . 8 Corruption Purged . | . . . Corruption Blocked . | . . . Effects 9 | . . 9 Message Errors 2 | . . 2 Heat Flow Errors 3 | . . 3 Data Loss (minor) 2 | . . 2 Weapon Failures 2 | . . 2 Overload Shots . | . . . Overflow Damage 1 | . . 1 Projectiles . | . . . Explosions 1 | . . 1 Melee . | . . . Knockbacks . | . . . Impact . | . . . Kinetic . | . . . Secondary . | . . . Self-Inflicted Damage . | . . . Shots . | . . . Rammed . | . . . Targets Rammed . | . . . Kicked . | . . . Crushed . | . . . Highest Temperature 516 | . 348 516 Average Temperature 145 | . 118 160 Received Heat Transfer 501 | . 273 228 Effects 6 | . 1 5 Shutdowns 1 | . 1 . Damage (minor) 2 | . . 2 Damage (major) 2 | . . 2 Damage (core) 1 | . . 1 Siege Activations . | . . . Martial Activations . | . . . Shielding Activations . | . . . Robots Disrupted . | . . . Combat Hostiles . | . . . Robots Corrupted . | . . . Combat Hostiles . | . . . Parts Fried 1 | . . 1 Impact Corruptions . | . . . Robots Melted . | . . . Combat Hostiles . | . . . Parts Melted 6 | . 2 4 Heat Transferred 1628 | . 407 1221 Parts Sabotaged . | . . . Parts Stolen . | . . . Parts Stripped . | . . . Power Chain Reactions . | . . . Alert | -11 -10 -9 ------- Run | Yrd Mat Mat Maximum Alert Level . | . . . Low Security (%) 100 | 100 100 100 Level 1 . | . . . Level 2 . | . . . Level 3 . | . . . Level 4 . | . . . Level 5 . | . . . High Security . | . . . Max Security . | . . . Peak Influence 187 | . 135 187 Initial 39 | . . 39 Average 91 | . 52 140 Influence Increases 523 | . 215 308 Destroy 0b10 Robot/C 240 | . 100 140 Destroy 0b10 Robot/NC 25 | . 10 15 Destroy Leader 62 | . 30 32 Disable Machine 60 | . . 60 Destroy Structure 61 | . . 61 Partial Spotted 15 | . 15 . Lose Combat Pursuer 60 | . 60 . Influence Decreases 356 | . 120 236 Entered New Map 56 | . . 56 Time Decay 210 | . 80 130 Lost Part 90 | . 40 50 Squads Dispatched 2 | . 2 . Investigation 1 | . 1 . Extermination . | . . . Reinforcement 1 | . 1 . Assault . | . . . Garrison . | . . . Intercept . | . . . Searches Triggered . | . . . Construction Impeded . | . . . Haulers Reinforced . | . . . Active Scanning Responses . | . . . Cargo Convoy Interrupts . | . . . Stealth | -11 -10 -9 --------- Run | Yrd Mat Mat Distress Signals 3 | . 2 1 Communications Jammed . | . . . Distress Signals . | . . . Times Spotted 28 | . 17 11 Peak Tracking Total 6 | . 6 5 Tactical Retreats 3 | . 3 . Traps | -11 -10 -9 ------- Run | Yrd Mat Mat Traps Triggered 3 | . 1 2 Indirectly . | . . . Trap Hack Attempts . | . . . Triggered . | . . . Disarmed . | . . . Reprogrammed . | . . . Reused . | . . . Traps Extracted . | . . . Installed . | . . . Triggered . | . . . Machines | -11 -10 -9 ---------- Run | Yrd Mat Mat Machines Disabled 4 | . . 4 Max in Single Turn 2 | . . 2 Machines Repaired . | . . . Machines Dismantled . | . . . Machines Sabotaged . | . . . Overloaded Fab Kills . | . . . Hacking | -11 -10 -9 --------- Run | Yrd Mat Mat Machines Accessed 1 | . 1 . Terminals 1 | . 1 . Fabricators . | . . . Repair Stations . | . . . Recycling Units . | . . . Scanalyzers . | . . . Garrison Access . | . . . Total Hacks 4 | . 4 . Successful 1 | . 1 . Failed 3 | . 3 . Catastrophic . | . . . Database Lockouts . | . . . Manual . | . . . Terminals 4 | . 4 . Fabricators . | . . . Repair Stations . | . . . Recycling Units . | . . . Scanalyzers . | . . . Garrison Access . | . . . Terminal Hacks 1 | . 1 . Robot Analysis 1 | . 1 . Fabricator Hacks . | . . . Repair Station Hacks . | . . . Recycling Unit Hacks . | . . . Scanalyzer . | . . . Garrison Access Hacks . | . . . Unauthorized Hacks . | . . . Terminals . | . . . Fabricators . | . . . Repair Stations . | . . . Recycling Units . | . . . Scanalyzers . | . . . Garrison Access . | . . . Data Cores Recovered . | . . . Used . | . . . Hacking Detections 1 | . 1 . Full Trace Events 1 | . 1 . Feedback Events . | . . . Feedback Blocked . | . . . Robot Schematics Acquired . | . . . Robots Built . | . . . Authchips . | . . . Time . | . . . Total Robot Build Rating . | . . . Part Schematics Acquired . | . . . Parts Built . | . . . Authchips . | . . . Time . | . . . Total Part Build Rating . | . . . Part Studies Acquired . | . . . Parts Repaired . | . . . Time . | . . . Parts Recycled . | . . . Recycled Matter . | . . . Retrieved Matter . | . . . Retrieved Components . | . . . Parts Scanalyzed . | . . . Part Schematics Acquired . | . . . Parts Damaged . | . . . Bothacking | -11 -10 -9 ------------ Run | Yrd Mat Mat Used RIF Installer . | . . . Robots Hacked . | . . . Non-combat . | . . . Combat . | . . . Robot Hacks Applied . | . . . Relay Couplers Released . | . . . Fabnet Peak Effective % . | . . . Robots Rewired . | . . . Allies Hacked . | . . . Hacks Repelled . | . . . Allies | -11 -10 -9 -------- Run | Yrd Mat Mat Total Allies . | . . . Largest Group . | . . . Highest-Rated Group . | . . . Highest-Rated Ally . | . . . Total Orders . | . . . Ally Attacks . | . . . Total Damage . | . . . Kills . | . . . Allies Corrupted . | . . . Allies Melted . | . . . Intel | -11 -10 -9 ------- Run | Yrd Mat Mat Active Infowar (turns) . | . . . Robot Analysis Total 1 | . 1 . Derelict Logs Recovered . | . . . Drone Launches . | . . . Drone Recoveries . | . . . Exploration | -11 -10 -9 ------------- Run | Yrd Mat Mat Turns Passed 555 | 45 239 271 Spaces Moved 362 | 37 143 182 Core 225 | 12 98 115 Treads 1 | . . 1 Legs 70 | 25 45 . Wheels 66 | . . 66 Hover . | . . . Flight . | . . . Fastest Speed 50 | 50 50 50 Average Speed 77 | 97 79 72 Slowest Speed 160 | 120 150 160 Overloaded Moves . | . . . Propulsion Burnouts . | . . . Robots Hopped . | . . . Potential Cave-ins . | . . . Cave-ins Triggered 1 | . . 1 Exploration Rate (%) 18 | 4 32 18 Regions Visited 2 Branch Regions . Pre-discovered Areas . | . . . Known Exits Taken . | . . . Unknown Exits Taken 2 | 1 1 . Scrap Searched . | . . . Spaces Dug . | . . . Terrain Destroyed 82 | . . 82 Melee . | . . . Projectile . | . . . AOE 82 | . . 82 Terrain Rammed . | . . . Walls Destroyed . | . . . Machines Disabled . | . . . Actions | -11 -10 -9 --------- Run | Yrd Mat Mat Total 510 | 46 199 265 Wait 32 | . 1 31 Move 360 | 36 142 182 Hop . | . . . Pick Up 15 | 5 3 7 Fast Attach . | . . . Attach 14 | 5 3 6 Detach 1 | . 1 . Swap 2 | . 1 1 Drop 2 | . 2 . Fire 84 | . 46 38 Melee . | . . . Ram . | . . . Kick . | . . . Crush . | . . . Escape Stasis . | . . . Rewire . | . . . Trap . | . . . Miscellaneous . | . . . Route ------- -11/Scrapyard -10/Materials -9/Materials History --------- Turn | Location | Event 3 | -11/Scrapyard | Discovered new exit (range 15) 46 | -11/Scrapyard | Entered Materials 134 | -10/Materials | Discovered new exit (range 3) 236 | -10/Materials | Core integrity fell below 50% 281 | -10/Materials | Core integrity fell below 20% 285 | -10/Materials | Entered another Materials area 285 | -9/Materials | Evolved 2 slots: Utility x2 304 | -9/Materials | Lost 4 parts (1p3w) 334 | -9/Materials | Build established: Mutant 355 | -9/Materials | Crushed by falling debris 494 | -9/Materials | Core integrity fell below 50% 518 | -9/Materials | Core integrity fell below 20% 556 | -9/Materials | Destroyed by Y-45 Defender with Heavy Assault Rifle Last Messages --------------- Imp. Ion Engine melted. Heat Sink melted. Y-45 Defender destroyed. Overheating: Core damaged (-56). Overheating: Imp. Medium Laser damaged (-12). Overheating: Wheel damaged (-1). Acquired 58 matter. System corrupted: Component data lost. Wheel destroyed. Heat Sink melted. Y-45 Defender destroyed. System corrupted: Heat flow error (+283). Acquired Heat Sink. Acquired Lgt. Treads. G-34 Mercenary destroyed. DOCIIXP 696YLFAJ 9N3U2UY =1A8C K-01 Serf collects debris. Y-45 Defender suffers critical hit (Burn). Imp. Medium Laser destroyed. K-01 Serf collects debris. Map ----- +----------------------------------------------------+ | ????????????????????????????# # #???????? | | ????????????????############# # #???????? | | ????????????? =# #???????? | | ????????????? ="% """ #???????? | | ????????????? # """"" #???????? | | ??????????????############### # """"" ?????????? | | ????????????????????????????# # """""??????????? | | ????????????????????????????# # """ ??????????? | | ????????????????????????????# # ??????????? | | ????????????????????????????# #####+#??????????? | | ????????????????????????????# #???? #??????????? | | ???????????????????????????## ##????#??????????? | | ???????????????????????????# #### ###????????? | | ???????????????????????????# #????????? | | ???????????????????????????# +????????? | | ???????????????????????????# #????????? | | ???????????????????????????# #### #????????? | | ????????????????????????###### ###???? #????????? | | ????????????????????????#!!| # #??????? #????????? | | ????????????????????????#!!| + #????????#????????? | | ????????????????????????#!!| # #?????????????????? | | ????????????????????????# # #?????????????????? | | ????????????????????????#"" k# #?????????????????? | | ????????????????????????#"Y[*# #?????????????????? | | ????????????????????????#""% # #?????????????????? | | ????????????????????????#@Y[ # #?????????????????? | | ????????????????????????##Y### #?????????????????? | | ?????????????????????????###?# #?????????????????? | | ????????????????????????????? #?????????????????? | | ????????????????????????????? ??????????????????? | | ????????????????????????????? ??????????????????? | | ????????????????????????????? ??????????????????? | | ????????????????????????????? ??????????????????? | | ????????????????????????????? ??????????????????? | | ????????????????????????????? ??????????????????? | | ????????????????????????????? ??????????????????? | | ?????????????????????????????????????????????????? | | ?????????????????????????????????????????????????? | | ?????????????????????????????????????????????????? | | ?????????????????????????????????????????????????? | | ?????????????????????????????????????????????????? | | ?????????????????????????????????????????????????? | | ?????????????????????????????????????????????????? | | ?????????????????????????????????????????????????? | | ?????????????????????????????????????????????????? | | ?????????????????????????????????????????????????? | | | | | | | | | +----------------------------------------------------+ Best States ------------- Heat Dissipation 38 Energy Generation 14 Energy Capacity 160 Matter Stores 300 Matter Capacity 300 Sight Range 16 Terrain Scan Density 10 Evasion (%) 55 Recoil Reduction 1 Item Schematics ----------------- None Robot Schematics ------------------ None Fabricated ------------ Nothing Repaired ---------- Nothing Studied --------- None Alien Tech Used ----------------- None Achievements -------------- None Challenges ------------ None Game ------ Seed ExperimentalGravmagParser Manual? 0 Play Time 00:06:41 Cumulative 275.3 hours Start 2026.04.23 @ 18:49:35 End 2026.04.23 @ 18:54:02 Sessions 1 Manual Loads 0 Difficulty Rogue Special Mode None Game No. 727 Rogue 725 Adventurer 2 Explorer 0 Win Type - Total 0 Types 0/0/0/0/0/0/0/0/0/0 Lore% 68 Gallery% 64 Achievement% 45 Wizard Run 0 Options --------- Layout 2 ASCII 0 Keyboard 0 Movement Mouse Keybinds 0 Fullscreen 1 Font 24/Smallcaps Map View 50x44 Zoom Use 0% Tactical HUD 0 Map Filters NONE Filters NONE Steam 1 RUN: dc0316f0-544f-4bc5-8507-87e4ddb9f395